 Dungeon Crawl Stone Soup version 0.29.1-2-gbd0b4ee654 (webtiles) character file.

Game seed: 10946119903344446485

1853 styxcanada the Covert (level 8, -1/41 HPs)
             Began as a Spriggan Brigand on Oct 26, 2022.
             Was an Initiate of Gozag.
             Slain by a water moccasin (2 damage)
             ... on level 7 of the Dungeon.
             The game lasted 00:36:57 (7550 turns).

styxcanada the Covert (Spriggan Brigand)            Turns: 7550, Time: 00:37:00

Health: -1/41      AC:  4    Str:  7    XL:     8   Next: 89%
Magic:  18/18      EV: 21    Int: 12    God:    Gozag
Gold:   394        SH:  0    Dex: 19    Spells: 7/7 levels left

rFire   . . .      SeeInvis +   a - +2 dagger (flame)
rCold   . . .      Faith    .   (no shield)
rNeg    . . .      Spirit   .   b - +0 robe
rPois   .          Reflect  .   (helmet restricted)
rElec   .          Harm     .   c - +1 cloak
rCorr   .          Rampage  .   (gloves unavailable)
Will    +....                   (boots unavailable)
Stlth   +++++.....              t - amulet of regeneration
HPRegen 0.93/turn               u - ring of magical power
MPRegen 0.16/turn               (no ring)

@: mighty, lethally poisoned (-1 -> -6), very quick
A: very small, no large weapons, unfitting armour, see invisible, speed 3
a: Renounce Religion, Potion Petition, Call Merchant, Bribe Branch


You were on level 7 of the Dungeon.
You worshipped Gozag.
Gozag was aware of your devotion.
You visited 2 branches of the dungeon, and saw 8 of its levels.
You also visited: Sewer.

You collected 570 gold pieces.
You spent 96 gold pieces at shops.
You paid 80 gold pieces to Gozag.

Inventory:

Hand Weapons
 a - a +2 dagger of flaming (weapon)
 w - a +1 dagger of venom
Missiles
 d - 11 poisoned darts (quivered)
 e - 3 curare-tipped darts
 g - 91 stones
 p - 2 throwing nets
Armour
 b - a +0 robe (worn)
 c - a +1 cloak (worn)
Magical Staves
 E - a staff of conjuration
Jewellery
 q - a ring of magical power
 t - an amulet of regeneration (around neck)
 u - a ring of magical power (left hand)
 J - an amulet of magic regeneration
Wands
 v - a wand of polymorph (11)
 z - a wand of charming (3)
Scrolls
 f - a scroll of butterflies
 h - a scroll of blinking
 l - 3 scrolls of teleportation
 x - a scroll of brand weapon
 y - 2 scrolls of enchant armour
 H - a scroll of magic mapping
Potions
 i - a potion of magic
 j - 5 potions of curing
 k - a potion of flight
 m - 3 potions of cancellation
 n - 2 potions of brilliance
 o - a potion of heal wounds
 s - a potion of ambrosia {unknown}
 A - a potion of haste {unknown}
 B - 2 potions of invisibility
 C - a potion of degeneration {unknown}
 F - 2 potions of berserk rage
 G - 2 potions of might


   Skills:
 + Level 3.6 Fighting
 + Level 5.1 Short Blades
 + Level 4.6 Throwing
 * Level 6.5 Dodging
 * Level 12.4 Stealth
 * Level 2.1 Evocations


You had 7 spell levels left.
You didn't know any spells.
Your spell library contained the following spells:

 Spells                   Type           Power      Damage    Failure   Level
 Freeze                   Ice            0%         1d3       32%         1
 Frozen Ramparts          Ice            0%         1d1       69%         3
 Hailstorm                Conj/Ice       0%         3d3       97%         4


Dungeon Overview and Level Annotations

Branches:
Dungeon (7/15)             Temple (1/1) D:6           Sewer (visited)

Altars:
Ashenzari
Cheibriados
Elyvilon
Fedhas
Gozag
Hepliaklqana
Kikubaaqudgha
Nemelex Xobeh
Qazlal
Sif Muna
Trog
Uskayaw
Vehumet
Wu Jian
Xom
Yredelemnul
Zin
The Shining One

Shops:
D:4 =   D:5 !   D:7 *


Innate Abilities, Weirdness & Mutations

You are very small and have problems with some larger weapons.
You are too small for most types of armour.
You have supernaturally acute eyesight. (SInv)
You cover ground extremely quickly. (Speed+++)


Message History

The gnoll shouts!
The water moccasin misses you. The cane toad stings you!!
A gnoll comes into view. It is wielding a +0 halberd.
The gnoll moves out of view.
Found 7 stones.
You hear a distant slurping noise.
You see here 7 stones.
g - 91 stones (gained 7)
As you read the scroll of identify, it crumbles to dust.
G - 3 potions of might Your +1 dagger of venom stops dripping with poison.
Your +2 dagger of flaming bursts into flame!
a - a +2 dagger of flaming (weapon)
You feel very mighty all of a sudden. The cane toad barely misses you.
You hit the cane toad. You burn the cane toad.
The cane toad is lightly wounded.
The water moccasin closely misses you. The cane toad stings you.
You closely miss the water moccasin.
The water moccasin completely misses you.
The cane toad stings you.
You closely miss the water moccasin. The water moccasin barely misses you.
The cane toad misses you.
You puncture the water moccasin! You burn the water moccasin.
The water moccasin is heavily wounded.
The water moccasin bites you. The cane toad completely misses you.
You barely miss the water moccasin.
The water moccasin is heavily wounded.
The water moccasin misses you. The cane toad stings you!
* * * LOW HITPOINT WARNING * * *
You are lethally poisoned!
The cane toad poisons you!
You closely miss the water moccasin.
The water moccasin is heavily wounded.
* * * LOW HITPOINT WARNING * * *
You feel very sick. The water moccasin bites you.
You die...
Your body crumbles into a pile of gold.

#...##......
##...........
.....<.......
.............
##...######## ###
#...####...####.##
##...$.#..........#
.......#..........#
.......#.......F@.#
...............S..#
##...##########..##
##.######...######
....S.........
..............
.(.......?....
..............
##...###g#####


You could see a cane toad and a water moccasin.

Vanquished Creatures
  A steam dragon (D:7)
  Duvessa (D:5)
  2 sky beasts
  3 ogres
  Blork the orc (D:6)
  2 gnoll sergeants
  2 bullfrogs
  Dowan (D:5)
  A howler monkey (D:6)
  An electric eel (D:7)
  A jelly (D:4)
  An orc priest (D:7)
  6 hounds
  4 iguanas
  Terence (D:3)
  4 orc wizards (D:7)
  A hell rat (Sewer)
  4 adders
  10 gnolls
  A river rat (Sewer)
  A shadow imp (D:7)
  A white imp (D:7)
  4 worms
  4 dart slugs
  6 orcs
  3 ball pythons
  3 bats
  9 endoplasms
  A giant cockroach (D:3)
  9 goblins
  6 hobgoblins
  2 jackals (D:5)
  A quokka (D:5)
  A frilled lizard (D:3)
  10 kobolds
  10 rats
119 creatures vanquished.

Vanquished Creatures (others)
  55 plants (D:6)
55 creatures vanquished.

Grand Total: 174 creatures vanquished

Notes
Turn   | Place    | Note
-------+----------+-------------------------------------------
     0 | D:1      | styxcanada the Spriggan Brigand began the quest for the
                  | Orb.
     0 | D:1      | Reached XP level 1. HP: 10/10 MP: 2/2
    49 | D:1      | Reached skill level 6 in Stealth
   281 | D:1      | Reached XP level 2. HP: 10/14 MP: 3/3
  1215 | D:2      | Reached skill level 7 in Stealth
  1263 | D:2      | Identified the +3 scale mail of the Blizzard {Int+3}
  1534 | D:2      | Reached XP level 3. HP: 13/18 MP: 4/4
  1846 | D:2      | Found a faded altar of an unknown god.
  2512 | D:3      | Reached XP level 4. HP: 23/23 MP: 5/5
  2936 | D:3      | Noticed an ogre
  3000 | D:3      | Killed an ogre
  3001 | D:3      | Reached skill level 8 in Stealth
  3001 | D:3      | Reached XP level 5. HP: 26/26 MP: 6/6
  3191 | D:3      | Noticed Terence
  3228 | D:3      | Killed Terence
  3434 | D:3      | Found a hazy altar of Hepliaklqana.
  3435 | D:3      | Found a faded altar of an unknown god.
  4065 | D:4      | Reached skill level 9 in Stealth
  4148 | D:4      | Reached XP level 6. HP: 17/30 MP: 7/7
  4565 | D:4      | Found Xadonacif's Jewellery Boutique.
  4841 | D:5      | Entered Level 5 of the Dungeon
  4924 | D:5      | Found Uqideihaopt's Distillery.
  4947 | D:5      | Reached skill level 10 in Stealth
  4947 | D:5      | Reached XP level 7. HP: 35/35 MP: 8/8
  5204 | D:5      | Noticed Duvessa
  5206 | D:5      | Noticed Dowan
  5247 | D:5      | Killed Duvessa
  5271 | D:5      | Killed Dowan
  5495 | D:5      | Bought a potion of berserk rage for 60 gold pieces
  5495 | D:5      | Bought a potion of curing for 36 gold pieces
  5637 | D:6      | Found a staircase to the Ecumenical Temple.
  5641 | Temple   | Entered the Ecumenical Temple
  5695 | Temple   | Became a worshipper of Gozag Ym Sagoz the Greedy
  5823 | D:6      | Found a glowing drain.
  5832 | Sewer    | Entered a sewer
  5856 | Sewer    | Reached skill level 11 in Stealth
  6096 | D:6      | Noticed Blork the orc
  6115 | D:6      | Killed Blork the orc
  6234 | D:6      | Reached XP level 8. HP: 32/40 MP: 9/9
  6266 | D:6      | Found a sparkling altar of Nemelex Xobeh.
  6925 | D:7      | Reached skill level 5 in Dodging
  6925 | D:7      | Reached skill level 12 in Stealth
  6951 | D:7      | Found a shimmering altar of Xom.
  7164 | D:7      | Reached skill level 1 in Evocations
  7273 | D:7      | Found Yde Focsun's General Store.
  7292 | D:7      | HP: 1/40 [steam dragon/ball of steam (19)]
  7302 | D:7      | Reached skill level 5 in Short Blades
  7308 | D:7      | Found a basalt altar of Yredelemnul.
  7503 | D:7      | Noticed a cane toad
  7503 | D:7      | an ice beast changed into a cane toad
  7550 | D:7      | HP: 1/41 [poisoned by a cane toad]
  7550 | D:7      | Slain by a water moccasin

Illustrated notes

Levels and vault maps discovered:
D:1:      amcnicky_arrival_flooded_fountain, layout_loops_ring,
          minmay_statues_item, minivault_27, minivault_24, corexii_corridor_pit
D:2:      layout_basic, shapermc_ecumenical_altar_mp_highgroup
D:3:      layout_basic, beargit_hepliaklqana_dungeon_heroes, uniq_terence
D:4:      layout_loops_cross, serial_shops, shop
D:5:      layout_basic, serial_shops, nicolae_shop_stone, uniq_duvessa
D:6:      layout_rooms, mainiacjoe_overflow_alcove_2,
          minmay_temple_entry_steel_oval, cheibrodos_sewer_entry_bend,
          serial_bayou_lagoon_a, uniq_blork_the_orc
D:7:      layout_gridville, nicolae_overflow_squiral, lemuel_round_altar,
          serial_shops, shop
Temple:   nicolae_temple_superstar

Skill      XL: |  1  2  3  4  5  6  7  8 |
---------------+-------------------------+-----
Stealth        | 6 7 8 9 10 11 12 | 12.4
Dodging        | 2 3 4 6 |  6.5
Fighting       | 2 3 |  3.6
Short Blades   | 3 4 5 |  5.1
Throwing       | 3 4 |  4.6
Evocations     | 2 |  2.1

Action                   |  1- 3 |  4- 6 |  7- 9 || total
-------------------------+-------+-------+-------++-------
Melee: Dagger            |    75 |    83 |   215 ||   373
       Punch             |     3 |     1 |     2 ||     6
Throw: Dart              |     9 |    41 |    56 ||   106
Evoke: Wand              |       |       |     1 ||     1
  Use: Scroll            |       |     4 |    17 ||    21
       Potion            |       |       |     1 ||     1
 Stab: Sleeping          |    16 |    13 |    10 ||    39
       Distracted        |       |       |     1 ||     1
Armor: Robe              |     4 |     2 |    10 ||    16
Dodge: Dodged            |    34 |    51 |   169 ||   254
